 Dungeon Crawl Stone Soup version 0.19-a0-1686-g35356ef (webtiles) character file.

25 Flanowski the Insei (level 3, -2/18 HPs)
             Began as a Vine Stalker Transmuter on Sept 25, 2016.
             Slain by an adder (3 damage)
             ... on level 2 of the Dungeon.
             The game lasted 00:01:05 (749 turns).

Flanowski the Insei (Vine Stalker Transmuter)        Turns: 749, Time: 00:01:06

Health: -2/18      AC:  3    Str: 12    XL:     3   Next: 6%
Magic:  0/7        EV: 12    Int: 13    God:
Gold:   35         SH:  0    Dex: 15    Spells: 1 memorised, 5 levels left

rFire  . . .     SeeInvis .       - Unarmed
rCold  . . .     Gourm    .     b - +0 robe
rNeg   . . .     Faith    .     (no shield)
rPois  .         Spirit   +     (no helmet)
rElec  .         Dismiss  .     (no cloak)
rCorr  .         Reflect  .     (no gloves)
MR     .....     Harm     .     (no boots)
Stlth  +.........               (no amulet)
                                (no ring)
                                (no ring)

@: lethally poisoned (-2 -> -6), appendage
A: fangs 2, horns 2, magic shield, antimagic bite, no device heal 3, rot
immunity
a: End Transformation


You were on level 2 of the Dungeon.
You were not hungry.
You had grown temporary horns.
You visited 1 branch of the dungeon, and saw 2 of its levels.

You collected 35 gold pieces.

Inventory:

Missiles
 a - 12 arrows
Armour
 b - a +0 robe (worn)
Scrolls
 e - 2 scrolls of teleportation {unknown}
 f - 3 scrolls of remove curse {unknown}
 j - 2 scrolls of blinking {unknown}
 k - a scroll of amnesia {unknown}
 q - a scroll of magic mapping {unknown}
Potions
 h - 2 potions of brilliance {unknown}
 i - a potion of curing {unknown}
 m - a potion of might {unknown}
 n - a potion of berserk rage {unknown}
 r - a potion of agility {unknown}
Books
 c - a book of Changes

   Spells                             Type                      Level
   a - Beastly Appendage              Transmutation                1
   b - Sticks to Snakes               Transmutation                2
   c - Spider Form                    Transmutation/Poison         3
   d - Ice Form                       Ice/Transmutation            4
   e - Blade Hands                    Transmutation                5
Comestibles
 d - a bread ration
 g - 2 chunks of flesh
 l - a slice of pizza
 o - a meat ration
 p - a beef jerky


   Skills:
 * Level 1.1 Fighting
 + Level 1.7 Dodging
 * Level 3.5 Unarmed Combat
 + Level 2.3 Spellcasting
 * Level 2.4 Transmutations


You had 5 spell levels left.
You knew the following spells:

 Your Spells              Type           Power        Failure   Level  Hunger
a - Beastly Appendage     Tmut           #.....       12%         1    #......


Dungeon Overview and Level Annotations

Branches:
Dungeon (2/15)

Altars:


Innate Abilities, Weirdness & Mutations

You have extremely sharp teeth.
When hurt, damage is shared between your health and your magic reserves.
Your bite disrupts and absorbs the magic of your enemies.
Potions and wands cannot restore your health.
You are immune to rotting.
You have a pair of horns on your head.


Message History

You barely miss the adder. You bite the adder. You drain its power.
You feel invigorated.
The adder is lightly wounded.
The adder bites you.
* * * LOW HITPOINT WARNING * * *
You closely miss the adder.
The adder is lightly wounded.
The adder bites you.
* * * LOW HITPOINT WARNING * * *
You are lethally poisoned!
The adder poisons you! The adder closely misses you.
You closely miss the adder. Your headbutt misses the adder.
Your punch misses the adder. Your bite misses the adder.
The adder is lightly wounded.
* * * LOW HITPOINT WARNING * * *
You feel sick. The adder misses you.
You miss the adder. You headbutt the adder.
The adder is heavily wounded.
The adder bites you.
You die...

## .. .### ..#
#.# #@# #S# #.#
### #>####.+
#......#
#.....'......#
#.#####......##
#.......##
#........#####


You could see an adder.

Vanquished Creatures
  An adder (D:2)
  2 leopard geckos (D:1)
  4 goblins
  A hobgoblin (D:1)
  5 bats (D:1)
  A frilled lizard (D:1)
  2 rats (D:1)
16 creatures vanquished.

Notes
Turn   | Place    | Note
-------+----------+-------------------------------------------
     0 | D:1      | Flanowski the Vine Stalker Transmuter began the quest for the Orb.
     0 | D:1      | Reached XP level 1. HP: 9/9 MP: 4/4
   204 | D:1      | Reached XP level 2. HP: 12/14 MP: 3/6
   407 | D:1      | Reached skill level 1 in Fighting
   744 | D:2      | Reached XP level 3. HP: 5/18 MP: 2/7
   749 | D:2      | Slain by an adder

Vault maps used:
D:1:      mrwooster_arrival_arrow, minmay_pentomino_z4
D:2:      nicolae_overflow_hidden_temple, nicolae_tso_swordbearing_angel,
          cheibriados_altar_1, okawaru_metal_pillars_1_2,
          nemelex_lonely_heart_becter

Skill      XL: |  1  2 |
---------------+-------+-----
Fighting       | 1 |  1.1
Dodging        | |  1.7
Unarmed Combat | |  3.5
Spellcasting   | |  2.3
Transmutations | |  2.4

Action                   || total
-------------------------++-------
Melee: Unarmed           ||    52
       Headbutt          ||     5
       Bite              ||     4
       Kick              ||     1
       Punch             ||     1
 Cast: Beastly Appendage ||    15
Armor: Robe              ||     7
Dodge: Dodged            ||    31
